Match 38912347
Unlisted

Match 38912347
End
Panzergrenadier Squad
250 Light Carrier
Panzergrenadier Squad
Construct Light Support Kompanie
Selects Italian Infantry
Selects Defensive Operations
2.5-tonne Medical Truck
Fire Support Elements
Pak 38 Mechanized Group
Construct Panzerarmee Kommand
Combat Half-tracks
Selects Prepared Positions
Selects Guastatori Squad
Guastatori Squad
Panzer III L Medium Tank
Panzer III L Medium Tank
Panzer III L Medium Tank
Guastatori Squad
Selects Obice 305mm Barrage
Selects Registered Artillery
Registered Artillery
Panzer III L Medium Tank
Dsadow
Waffen
BIOHAZARD
Sauzer88
0
0

Comments sign in to comment!

No comments posted yet!